AoeStats
← NWII_WAR_OmniManco

Nomad

510130694Analyzed
2v2 RM · 2d ago on Sep 29, 2026· 45m 25s· 4 players
Game mode
Random Map
Map size
176×176
Population
200
Speed
Normal
Resources
Standard
Victory
Conquest
Starting age
Dark Age
Ending age
Imperial Age
RankedLock teamsTeams togetherTeam positionsShared explorationLock speedFull tech treeHidden civsTurbo modeCheats
Victory
Defeat
🇨🇭 Italians · Switzerland
1296
+15
🇨🇴 Huns · Colombia
1253
+17
🇦🇷 Koreans · Argentina
1301
-17
🇦🇷 Malay · Argentina
1253
-15
AASC | FreakinTinto
3:17 Loom
14:46 Feudal Age
16:37 Double-Bit Axe
20:32 Castle Age
19:24 Fletching
20:58 Medium Warships
24:02 Siphons
24:09 Careening
28:48 Wheelbarrow
29:16 Crossbowman
33:16 Demolition Ship
AASC | TITO_PUENTE
2:58 Loom
14:03 Feudal Age
18:19 Castle Age
16:49 Double-Bit Axe
18:48 Fletching
23:20 Horse Collar
26:04 Bow Saw
28:53 Wheelbarrow
28:04 Town Watch
29:52 Town Watch
33:06 Imperial Age
32:14 Crossbowman
33:17 Arbalester
36:11 Bodkin Arrow
36:47 Conscription
36:43 Thumb Ring
37:01 Ballistics
37:42 Chemistry
37:41 Town Patrol
39:09 Bracer
Zaphod
12:06 Feudal Age
10:49 Loom
12:34 Double-Bit Axe
13:21 Fishing Lines
17:55 Castle Age
16:28 Fletching
16:34 Stone Mining
16:35 Gold Mining
16:48 Fletching
19:38 Medium Warships
21:09 Bow Saw
22:06 Padded Archer Armor
23:08 Wheelbarrow
22:18 Town Watch
24:52 Gillnets
26:34 Hand Cart
26:05 Horse Collar
27:14 Stone Shaft Mining
27:09 Bodkin Arrow
29:06 Treadmill Crane
29:30 Heavy Plow
34:35 Imperial Age
33:46 Ballistics
34:09 Leather Archer Armor
36:35 Chemistry
36:57 Masonry
37:12 Conscription
36:54 Bracer
38:23 Town Patrol
38:54 Elite Genoese Crossbowman
42:13 Two-Man Saw
41:53 Spies/Treason
45:52 Architecture
45:17 Murder Holes
45:18 Onager
NWII_WAR_OmniManco
13:17 Feudal Age
15:12 Loom
17:47 Castle Age
16:17 Fletching
16:32 Double-Bit Axe
18:51 Bodkin Arrow
22:25 Wheelbarrow
22:59 Bow Saw
24:43 Ballistics
24:15 Horse Collar
25:56 Bloodlines
25:50 Husbandry
27:21 Heavy Plow
28:29 Padded Archer Armor
29:43 Leather Archer Armor
31:56 Bloodlines
33:42 Thumb Ring
34:56 Gold Mining
34:58 Stone Mining
35:32 Town Watch
37:05 Masonry
37:31 Gold Shaft Mining
42:16 Imperial Age
42:28 Heavy Cavalry Archer
43:35 Parthian Tactics
44:03 Bracer
44:37 Spies/Treason
Connection lost

Rejoining the realm…

Still unreachable

The connection could not be restored.

Session expired

The server has moved on; the page needs a fresh start.